 Dungeon Crawl Stone Soup version 0.30.1-11-g7821555f0a (webtiles) character file.

Game seed: 7256853812822398906

228 fireball365 the Chopper (level 6, 0/52 HPs)
             Began as a Hill Orc Fighter on Dec 9, 2023.
             Slain by a gnoll
             ... wielding a +1 flail of protection
              (3 damage)
             ... on level 4 of the Dungeon.
             The game lasted 00:04:54 (3310 turns).

fireball365 the Chopper (Hill Orc Fighter)          Turns: 3310, Time: 00:04:55

Health: 0/52       AC: 10    Str: 21    XL:     6   Next: 2%
Magic:  6/6        EV:  8    Int:  8    God:
Gold:   164        SH:  4    Dex: 10    Spells: 5/5 levels left

rFire   . . .        a - +0 war axe
rCold   . . .        c - +0 buckler
rNeg    . . .        m - +0 chain mail
rPois   +            (no helmet)
rElec   .            (no cloak)
rCorr   .            (no gloves)
SInv    .            n - +0 pair of boots
Will    .....        (no amulet) Stlth
                     p - ring of poison resistance
HPRegen 0.28/turn    (no ring)
MPRegen 0.10/turn

%: no passive effects
@: no status effects
A: no striking features
a: no special abilities


You were on level 4 of the Dungeon.
You visited 1 branch of the dungeon, and saw 4 of its levels.

You collected 164 gold pieces.

Inventory:

Hand Weapons
 a - a +0 war axe (weapon)
Armour
 b - a +0 scale mail
 c - a +0 buckler (worn)
 m - a +0 chain mail (worn)
 n - a +0 pair of boots (worn)
Jewellery
 o - an amulet of magic regeneration
 p - a ring of poison resistance (left hand)
Scrolls
 e - a scroll of fear {unknown}
 i - 3 scrolls of identify
 j - a scroll of magic mapping
 k - a scroll of enchant armour {unknown}
Potions
 d - 2 potions of might
 f - a potion of flight {unknown}
 l - 2 potions of invisibility


   Skills:
 + Level 4.3 Fighting
 + Level 5.4 Axes
 + Level 4.5 Armour
 + Level 1.1 Dodging
 + Level 4.0 Shields


You had 5 spell levels left.
You didn't know any spells.
Your spell library contained the following spells:

 Spells                   Type           Power      Damage    Failure   Level
 Poisonous Vapours        Pois/Air       0%         N/A       99%         2
 Mephitic Cloud           Conj/Pois/Air  0%         N/A       100%        3
 Vhi's Electric Charge    Tloc/Air       0%         N/A       100%        3
 Animate Armour           Summ/Erth      0%         N/A       100%        4
 Freezing Cloud           Conj/Ice/Air   0%         6-21      100%        5
 Plasma Beam              Fire/Air       0%         2x1d11    100%        6


Dungeon Overview and Level Annotations

Branches:
Dungeon (4/15)
 Temple: D:4-7

Altars:
Makhleb
Vehumet

Annotations:
D:3 2 transporters, Angrytalen2's ghost, amateur MiGl


Message History

The gnoll shouts! x3; You hear a shout!
The gnoll barely misses you.
A gnoll comes into view. It is wielding a +0 spear.
You slash the gnoll!
The gnoll is severely wounded.
You completely miss the gnoll. The gnoll hits you but does no damage.
You block the gnoll's attack. The gnoll hits you with a +0 club.
* * * LOW HITPOINT WARNING * * *
The gnoll hits you but does no damage.
You barely miss the gnoll.
The gnoll is severely wounded.
You closely miss the gnoll. The gnoll hits you but does no damage.
The gnoll closely misses you.
You barely miss the gnoll.
The gnoll is severely wounded.
You hit the gnoll. The gnoll hits you but does no damage.
The gnoll hits you with a +1 flail of protection.
* * * LOW HITPOINT WARNING * * *
You hit the gnoll but do no damage.
The gnoll is severely wounded.
You closely miss the gnoll. The gnoll barely misses you.
The gnoll closely misses you.
You hit the gnoll but do no damage.
The gnoll is severely wounded.
You hit the gnoll but do no damage. You block the gnoll's attack.
The gnoll hits you with a +1 flail of protection.
* * * LOW HITPOINT WARNING * * *
You barely miss the gnoll.
The gnoll is severely wounded.
You closely miss the gnoll. The gnoll hits you but does no damage.
The gnoll hits you with a +1 flail of protection.
* * * LOW HITPOINT WARNING * * *
The gnoll hits you with a +0 club.
* * * LOW HITPOINT WARNING * * *
The gnoll closely misses you.
It was a potion of magic.
Magic courses through your body. The gnoll hits you with a +0 club.
* * * LOW HITPOINT WARNING * * *
The gnoll hits you with a +1 flail of protection.
You die...

###
#.#
#g.
#g#
#g#
#@#
#g#
#S#
#.#
#.#
#.#
#.#
#.#


You could see 4 gnolls and a ball python.

Vanquished Creatures
  A crimson imp (D:3)
  An orc priest (D:3)
  An orc wizard (D:4)
  3 adders
  A shadow imp (D:4)
  2 ufetubi (D:4)
  A worm (D:2)
  A dart slug (D:3)
  10 orcs
  4 endoplasms
  A giant cockroach (D:1)
  9 goblins
  7 hobgoblins
  6 jackals
  3 quokkas
  4 ball pythons
  6 bats
  5 frilled lizards
  9 kobolds
  2 rats
77 creatures vanquished.

Notes
Turn   | Place    | Note
-------+----------+-------------------------------------------
     0 | D:1      | fireball365 the Hill Orc Fighter began the quest for the
                  | Orb.
     0 | D:1      | Reached XP level 1. HP: 19/19 MP: 1/1
   116 | D:1      | Reached XP level 2. HP: 27/27 MP: 2/2
   509 | D:1      | Reached skill level 3 in Axes
   545 | D:1      | Found a faded altar of an unknown god.
   637 | D:1      | Reached XP level 3. HP: 33/33 MP: 3/3
  1883 | D:2      | Got Sif Muna's Information on the Telluric Squall
  1945 | D:2      | Reached skill level 1 in Dodging
  1945 | D:2      | Reached XP level 4. HP: 40/40 MP: 4/4
  2239 | D:3      | Found a transporter.
  2242 | D:3      | Noticed Angrytalen2's ghost (amateur MiGl)
  2243 | D:3      | Found a transporter.
  2317 | D:3      | Reached skill level 4 in Axes
  2811 | D:3      | Reached XP level 5. HP: 6/46 MP: 5/5
  2996 | D:3      | Found a burning altar of Makhleb.
  2996 | D:3      | Found a radiant altar of Vehumet.
  3170 | D:4      | Reached skill level 5 in Axes
  3224 | D:4      | Reached XP level 6. HP: 39/52 MP: 6/6
  3310 | D:4      | Slain by a gnoll

Illustrated notes

Levels and vault maps discovered:
D:1:      reono_arrival_mine, layout_basic,
          dreamdust_ecumenical_altar_angels_and_demons
D:2:      layout_basic
D:3:      layout_loops_ring, grunt_temple_overflow_lords_of_destruction,
          gammafunk_ghost_mausoleum
D:4:      layout_basic, serial_demonic, serial_demonic_c, serial_demonic_b,
          serial_demonic_e, serial_demonic_a,
          hangedman_abyss_or_decor_lesser_grid, serial_park_tiny_2

Skill      XL: |  1  2  3  4  5 |
---------------+----------------+-----
Axes           | 3 4 5 |  5.4
Fighting       | 4 |  4.3
Dodging        | 1 |  1.1
Armour         | 4 |  4.5
Shields        | 4 |  4.0

Action                     |  1- 3 |  4- 6 || total
---------------------------+-------+-------++-------
  Melee: War axe           |   143 |   135 ||   278
    Use: Scroll            |       |     4 ||     4
         Potion            |       |     1 ||     1
 Armour: Scale mail        |    96 |       ||    96
         Chain mail        |       |    85 ||    85
  Dodge: Dodged            |    98 |    69 ||   167
  Block: Buckler           |    39 |    41 ||    80
